 Dungeon Crawl Stone Soup version 0.31-a0-435-g2c6fae2916 (webtiles) character file.

Game seed: 18024625235511987921

2407 IndexError the Destroyer (level 9, 66/66 HPs)
             Began as a Gnoll Conjurer on Aug 1, 2023.
             Was a High Priest of Jiyva.
             Quit the game on level 7 of the Dungeon.
             The game lasted 00:13:34 (6389 turns).

IndexError the Destroyer (Gnoll Conjurer)           Turns: 6389, Time: 00:13:34

Health: 66/66      AC:  2    Str:  6    XL:     9   Next: 47%
Magic:  19/19      EV: 14    Int: 21    God:    Jiyva [*****.]
Gold:   304        SH:  5    Dex: 12    Spells: 10/21 levels left

rFire   . . .        m - +2 whip (drain)
rCold   . . .        (no shield)
rNeg    . . .        a - +0 robe
rPois   .            s - +0 helmet
rElec   .            (no cloak)
rCorr   +            (no gloves)
SInv    +            (no boots)
Will    +....        i - amulet of reflection
Stlth   +++          c - ring of willpower
HPRegen 1.75/turn    (no ring)
MPRegen 0.61/turn

%: reflection
@: no status effects
A: fangs 1, strong nose, distributed training, see invisible, pseudopods 3
a: Renounce Religion, Oozemancy, Slimify


You were on level 7 of the Dungeon.
You worshipped Jiyva.
Jiyva was extremely pleased with you.
You visited 1 branch of the dungeon, and saw 7 of its levels.
You also visited: Sewer.

You collected 304 gold pieces.

Inventory:

Hand Weapons
 e - a +3 dagger
   (You took it off a goblin on level 2 of the Dungeon)
 m - a +2 whip of draining (weapon)
   (You took it off a kobold on level 2 of the Dungeon)
Missiles
 f - 10 javelins
 l - 2 atropa-tipped darts
 y - 3 silver javelins
Armour
 a - a +0 robe (worn)
 s - a +0 helmet (worn)
   (You found it on level 4 of the Dungeon)
Jewellery
 c - a ring of willpower (left hand)
   (You found it on level 1 of the Dungeon)
 i - an amulet of reflection (around neck)
   (You found it on level 1 of the Dungeon)
Wands
 w - a wand of flame (39)
   (You took it off Grinder on level 4 of the Dungeon)
 x - a wand of charming (14)
   (You found it on level 6 of the Dungeon)
Scrolls
 d - 2 scrolls of blinking {unknown}
 h - 2 scrolls of poison {unknown}
 j - 7 scrolls of identify {unknown}
 o - a scroll of amnesia {unknown}
 p - 2 scrolls of teleportation {unknown}
 q - 2 scrolls of torment {unknown}
 r - 2 scrolls of enchant weapon {unknown}
 v - a scroll of immolation {unknown}
Potions
 b - a potion of magic
 g - 2 potions of heal wounds {unknown}
 k - a potion of haste {unknown}
 n - 2 potions of lignification {unknown}
 t - 4 potions of curing {unknown}
 u - a potion of degeneration {unknown}


   Skills:
 + Level 4.3 Fighting
 + Level 4.3 Short Blades
 + Level 4.3 Long Blades
 + Level 4.3 Axes
 + Level 4.3 Maces & Flails
 + Level 4.3 Polearms
 + Level 4.3 Staves
 + Level 4.3 Ranged Weapons
 + Level 4.3 Throwing
 + Level 4.3 Armour
 + Level 6.4 Dodging
 + Level 6.1 Stealth
 + Level 4.3 Shields
 + Level 4.3 Unarmed Combat
 + Level 6.7 Spellcasting
 + Level 8.0 Conjurations
 + Level 3.6 Hexes
 + Level 3.6 Summonings
 + Level 3.6 Necromancy
 + Level 3.6 Translocations
 + Level 3.6 Transmutations
 + Level 3.6 Fire Magic
 + Level 3.6 Ice Magic
 + Level 3.6 Air Magic
 + Level 3.6 Earth Magic
 + Level 3.6 Poison Magic
 + Level 4.8 Invocations
 + Level 4.3 Evocations
 + Level 3.6 Shapeshifting


You had 10 spell levels left.
You knew the following spells:

 Your Spells              Type           Power      Damage    Failure   Level
a - Magic Dart            Conj           100%       1d8       1%          1
b - Searing Ray           Conj           80%        2d7       1%          2
c - Fulminant Prism       Conj/Hex       15%        3d11      9%          4
x - Iskenderun's Mystic   Conj/Tloc      31%        2d8       9%          4

Your spell library contained the following spells:

 Spells                   Type           Power      Damage    Failure   Level
 Apportation              Tloc           44%        N/A       1%          1
 Necrotise                Necr           88%        1d8       1%          1
 Summon Small Mammal      Summ           88%        N/A       1%          1
 Dazzling Flash           Conj/Hex       62%        N/A       2%          3
 Alistair's Intoxication  Tmut/Pois      14%        N/A       50%         5


Dungeon Overview and Level Annotations

Branches:
Dungeon (7/15)             Temple (0/1) D:5           Sewer (visited)

Altars:
Ashenzari
Fedhas
Hepliaklqana
Sif Muna
Vehumet
Xom
Jiyva

Shops:
D:3 (

Annotations:
D:5 2 transporters, Jano's ghost, novice GnFE


Innate Abilities, Weirdness & Mutations

You have very sharp teeth.
Your uncanny sense of smell can sniff out nearby items.
Your experience applies equally to all skills.
You have supernaturally acute eyesight. (SInv)
Armour fits poorly on your massive pseudopods.


Message History

The mystic blast hits the orc but does no damage.
The mystic blast hits the orc!
You block the orc's attack.
You regained 2 hp, and now have 56/65 hp.
You now have 15/18 mp.
Casting: Iskenderun's Mystic Blast (dangerous; 9% risk of failure)
Confirm with . or Enter, or press ? or * to list all spells.
You don't know that spell.
The magic dart hits the orc.
The orc closely misses you.
You regained 2 hp, and now have 58/65 hp.
You now have 14/18 mp.
The magic dart hits the orc but does no damage.
The orc hits you with a +0 dagger.
The magic dart hits the orc but does no damage.
The orc hits you with a +0 dagger.
You now have 13/18 mp.
Casting: Magic Dart (safe; 1% risk of failure)
Confirm with . or Enter, or press ? or * to list all spells.
You erupt in a blast of force!
The mystic blast hits the orc.
The orc is knocked back by the mystic blast.
The orc slams into the rock wall!
The mystic blast hits the orc wizard!
You regained 2 hp, and now have 60/65 hp.
You now have 10/18 mp.
The magic dart hits the orc.
You regained 2 hp, and now have 62/65 hp.
You can't see any susceptible monsters within range! (Use Z to cast anyway.) HP restored.
Magic restored.
Things that are here:
a +0 robe; a +0 whip; a gnoll corpse
Things that are here:
a +0 hand axe; an orc corpse
j - 7 scrolls labelled MUIHOU ZOSIRCH (gained 1)
A steam dragon comes into view.
Health restored: 65; MP restored: 18 The magic dart hits the steam dragon but does no damage.
You now have 17/18 mp.
Casting: Magic Dart (safe; 1% risk of failure)
Confirm with . or Enter, or press ? or * to list all spells.
Aiming: Fulminant Prism (dangerous; 9% risk of failure)
Press: ? - help, Dir - move target, p - steam dragon You conjure a prism of explosive energy!
A fulminant prism comes into view.
You now have 14/18 mp.
Casting: Fulminant Prism (dangerous; 9% risk of failure)
Confirm with . or Enter, or press ? or * to list all spells.
Aiming: Fulminant Prism (dangerous; 9% risk of failure)
Press: ? - help, Dir - move target You conjure a prism of explosive energy!
A fulminant prism comes into view.
The steam dragon breathes steam at you. The ball of steam hits you!!
You shudder from the blast and a jelly pops out!
You hear a loud crackle.
You take 25 damage, and have 40/65 hp.
MASSIVE DAMAGE!!
You now have 10/18 mp.
You are engulfed in a cloud of scalding steam.
Your acid blob is engulfed in a cloud of scalding steam.
You hear a loud crackle.
You hear an explosion!
You hear a shout! x3
You take 4 damage, and have 36/65 hp.
Your acid blob is engulfed in a cloud of scalding steam.
You hear an explosion!
You hear an angry hiss.
Your acid blob is engulfed in a cloud of scalding steam.
You regained 2 hp, and now have 39/65 hp.
You regained 2 hp, and now have 41/65 hp.
A water moccasin comes into view.
You regained 2 hp, and now have 43/65 hp.
You regained 2 hp, and now have 46/65 hp.
A water moccasin is nearby!
The magic dart hits the water moccasin.
You regained 2 hp, and now have 48/65 hp.
You now have 14/18 mp.
The magic dart hits the water moccasin.
Your acid blob spits acid at the water moccasin.
The splash of acid hits the water moccasin!
The acid corrodes the water moccasin!
An orc priest comes into view. It is wielding a +0 dagger.
You regained 2 hp, and now have 50/65 hp.
The magic dart hits the water moccasin!
You now have 13/19 mp.
Really fire in the acid blob's direction?
This attack would place you under penance!
Okay, then.
Your acid blob hits the orc priest!!
You regained 2 hp, and now have 53/65 hp.
You regained 2 hp, and now have 55/65 hp.
The magic dart hits the steam dragon!
You regained 2 hp, and now have 57/65 hp.
You now have 14/19 mp.
The magic dart hits the steam dragon.
Your acid blob spits acid at the steam dragon.
The splash of acid hits the steam dragon!!
The acid corrodes the steam dragon!
You regained 2 hp, and now have 59/66 hp.
Your acid blob dissolves into a puddle of slime!
Found a shimmering altar of Xom.
An orc comes into view. It is wielding a +0 short sword.
Health restored: 66; MP restored: 19 An orc is nearby!
An orc is nearby!
An orc is nearby!
Okay, then.
Are you sure you want to abandon this character and quit the game? (Confirm with "yes".)

o♣♣ ♣.♣ ... ..♣
.... .( ♣.♣ ....
_.♣$♣∆..... .♣.♣
..... ♣ ..♣......
♣.♣♣♣♣♣.♣........#
.......@.........#
........###......##
...)....###.......#
.........##.......#
##....†..##.......#
########.#.......##
#..........#
##.........##
##.........#


You could see an orc.

Vanquished Creatures
  Grinder (D:4)
  3 water moccasins
  2 black bears (D:6)
  3 ogres
  A phantom (D:4)
  A bullfrog (D:6)
  3 scorpions
  7 wights
  A howler monkey (D:4)
  2 hounds
  A gnoll bouda (D:7)
  An iguana (D:6)
  7 orc wizards
  A sleepcap (D:5)
  Robin (D:4)
  8 gnolls
  8 adders
  A river rat (Sewer)
  A white imp (D:6)
  An ufetubus (D:4)
  A worm (D:2)
  3 dart slugs
  14 orcs
  6 endoplasms
  7 giant cockroaches
  7 hobgoblins
  2 jackals (D:4)
  7 quokkas
  7 ball pythons
  5 bats
  6 frilled lizards
  11 goblins
  7 kobolds
  12 rats
149 creatures vanquished.

Vanquished Creatures (collateral kills)
  A steam dragon (D:7)
  An orc priest (D:7)
2 creatures vanquished.

Vanquished Creatures (others)
  A wight (D:6)
  A howler monkey (D:6)
  A hound (D:6)
  6 jellies
  An orc priest (D:7)
  A killer bee zombie (D:5)
  An adder (Sewer)
  2 orcs
  3 ball pythons (Sewer)
  A goblin (D:4)
  A frilled lizard (Sewer)
  2 rats (Sewer)
  2 fulminant prisms (D:7)
23 creatures vanquished.

Grand Total: 174 creatures vanquished

Notes
Turn   | Place    | Note
-------+----------+-------------------------------------------
     0 | D:1      | IndexError the Gnoll Conjurer began the quest for the Orb.
     0 | D:1      | Reached XP level 1. HP: 13/13 MP: 6/6
   424 | D:1      | Reached XP level 2. HP: 19/19 MP: 2/7
  1253 | D:1      | Learned a level 2 spell: Searing Ray
  1258 | D:2      | Reached skill level 5 in Spellcasting
  1258 | D:2      | Reached XP level 3. HP: 25/25 MP: 3/9
  1391 | D:2      | Reached skill level 1 in Invocations
  1615 | D:2      | Reached skill level 1 in Fighting
  1615 | D:2      | Reached skill level 1 in Short Blades
  1615 | D:2      | Reached skill level 1 in Long Blades
  1615 | D:2      | Reached skill level 1 in Axes
  1615 | D:2      | Reached skill level 1 in Maces & Flails
  1615 | D:2      | Reached skill level 1 in Polearms
  1615 | D:2      | Reached skill level 1 in Staves
  1615 | D:2      | Reached skill level 1 in Ranged Weapons
  1615 | D:2      | Reached skill level 1 in Throwing
  1615 | D:2      | Reached skill level 1 in Armour
  1615 | D:2      | Reached skill level 1 in Shields
  1615 | D:2      | Reached skill level 1 in Unarmed Combat
  1615 | D:2      | Reached skill level 1 in Evocations
  1873 | D:2      | Reached XP level 4. HP: 32/32 MP: 8/11
  2282 | D:3      | Found a broken altar of Ashenzari.
  2336 | D:3      | Reached skill level 1 in Hexes
  2336 | D:3      | Reached skill level 1 in Summonings
  2336 | D:3      | Reached skill level 1 in Necromancy
  2336 | D:3      | Reached skill level 1 in Translocations
  2336 | D:3      | Reached skill level 1 in Transmutations
  2336 | D:3      | Reached skill level 1 in Fire Magic
  2336 | D:3      | Reached skill level 1 in Ice Magic
  2336 | D:3      | Reached skill level 1 in Air Magic
  2336 | D:3      | Reached skill level 1 in Earth Magic
  2336 | D:3      | Reached skill level 1 in Poison Magic
  2336 | D:3      | Reached skill level 1 in Shapeshifting
  2373 | D:3      | Found Unaquneu's Antique Weapon Emporium.
  2651 | D:3      | Found a faded altar of an unknown god.
  2659 | D:3      | Prayed at the altar of an unknown god.
  2659 | D:3      | Became a worshipper of Jiyva Jorphes the Shapeless
  2659 | D:3      | Reached * piety under Jiyva
  2831 | D:3      | Found a radiant altar of Vehumet.
  2894 | D:4      | Noticed a phantom
  2896 | D:4      | Noticed an ogre
  2996 | D:4      | Reached XP level 5. HP: 37/37 MP: 8/12
  3049 | D:4      | Found a glowing drain.
  3065 | Sewer    | Entered a sewer
  3187 | Sewer    | Found a viscous altar of Jiyva.
  3283 | D:4      | Reached ** piety under Jiyva
  3315 | D:4      | Reached skill level 2 in Invocations
  3315 | D:4      | Reached XP level 6. HP: 44/44 MP: 7/13
  3348 | D:4      | Reached skill level 2 in Fighting
  3348 | D:4      | Reached skill level 2 in Short Blades
  3348 | D:4      | Reached skill level 2 in Long Blades
  3348 | D:4      | Reached skill level 2 in Axes
  3348 | D:4      | Reached skill level 2 in Maces & Flails
  3348 | D:4      | Reached skill level 2 in Polearms
  3348 | D:4      | Reached skill level 2 in Staves
  3348 | D:4      | Reached skill level 2 in Ranged Weapons
  3348 | D:4      | Reached skill level 2 in Throwing
  3348 | D:4      | Reached skill level 2 in Armour
  3348 | D:4      | Reached skill level 5 in Dodging
  3348 | D:4      | Reached skill level 2 in Shields
  3348 | D:4      | Reached skill level 2 in Unarmed Combat
  3348 | D:4      | Reached skill level 2 in Evocations
  3495 | D:4      | Noticed Grinder
  3497 | D:4      | Paralysed by Grinder for 4 turns
  3521 | D:4      | Paralysed by Grinder for 5 turns
  3528 | D:4      | Killed Grinder
  3529 | D:4      | Reached skill level 2 in Hexes
  3529 | D:4      | Reached skill level 2 in Summonings
  3529 | D:4      | Reached skill level 2 in Necromancy
  3529 | D:4      | Reached skill level 2 in Translocations
  3529 | D:4      | Reached skill level 2 in Transmutations
  3529 | D:4      | Reached skill level 2 in Fire Magic
  3529 | D:4      | Reached skill level 2 in Ice Magic
  3529 | D:4      | Reached skill level 2 in Air Magic
  3529 | D:4      | Reached skill level 2 in Earth Magic
  3529 | D:4      | Reached skill level 2 in Poison Magic
  3529 | D:4      | Reached skill level 2 in Shapeshifting
  3529 | D:4      | Reached XP level 7. HP: 32/51 MP: 6/15
  3543 | D:4      | Reached skill level 5 in Stealth
  3592 | D:4      | Reached skill level 3 in Invocations
  3720 | D:4      | Noticed Robin
  3738 | D:4      | Killed Robin
  3862 | D:5      | Entered Level 5 of the Dungeon
  4232 | D:5      | Found a transporter.
  4234 | D:5      | Noticed Jano's ghost (novice GnFE)
  4330 | D:5      | Reached *** piety under Jiyva
  4376 | D:5      | Found a staircase to the Ecumenical Temple.
  4441 | D:5      | Reached XP level 8. HP: 55/57 MP: 12/16
  4448 | D:5      | Gained mutation: You have supernaturally acute eyesight.
                  | (SInv) [Jiyva's grace]
  4448 | D:5      | Gained mutation: Armour fits poorly on your pseudopods.
                  | [Jiyva's grace]
  4448 | D:5      | Gained mutation: Armour fits poorly on your large
                  | pseudopods. [Jiyva's grace]
  4448 | D:5      | Gained mutation: Armour fits poorly on your massive
                  | pseudopods. [Jiyva's grace]
  4519 | D:5      | Found a transporter.
  4553 | D:5      | Reached skill level 3 in Fighting
  4553 | D:5      | Reached skill level 3 in Short Blades
  4553 | D:5      | Reached skill level 3 in Long Blades
  4553 | D:5      | Reached skill level 3 in Axes
  4553 | D:5      | Reached skill level 3 in Maces & Flails
  4553 | D:5      | Reached skill level 3 in Polearms
  4553 | D:5      | Reached skill level 3 in Staves
  4553 | D:5      | Reached skill level 3 in Ranged Weapons
  4553 | D:5      | Reached skill level 3 in Throwing
  4553 | D:5      | Reached skill level 3 in Armour
  4553 | D:5      | Reached skill level 3 in Shields
  4553 | D:5      | Reached skill level 3 in Unarmed Combat
  4553 | D:5      | Reached skill level 3 in Evocations
  5031 | D:6      | Reached skill level 6 in Spellcasting
  5137 | D:6      | Reached skill level 3 in Hexes
  5137 | D:6      | Reached skill level 3 in Summonings
  5137 | D:6      | Reached skill level 3 in Necromancy
  5137 | D:6      | Reached skill level 3 in Translocations
  5137 | D:6      | Reached skill level 3 in Transmutations
  5137 | D:6      | Reached skill level 3 in Fire Magic
  5137 | D:6      | Reached skill level 3 in Ice Magic
  5137 | D:6      | Reached skill level 3 in Air Magic
  5137 | D:6      | Reached skill level 3 in Earth Magic
  5137 | D:6      | Reached skill level 3 in Poison Magic
  5137 | D:6      | Reached skill level 4 in Invocations
  5137 | D:6      | Reached skill level 3 in Shapeshifting
  5272 | D:6      | Reached skill level 6 in Dodging
  5311 | D:6      | Found a shimmering blue altar of Sif Muna.
  5354 | D:6      | Reached XP level 9. HP: 62/65 MP: 13/18
  5383 | D:6      | Reached skill level 4 in Fighting
  5383 | D:6      | Reached skill level 4 in Short Blades
  5383 | D:6      | Reached skill level 4 in Long Blades
  5383 | D:6      | Reached skill level 4 in Axes
  5383 | D:6      | Reached skill level 4 in Maces & Flails
  5383 | D:6      | Reached skill level 4 in Polearms
  5383 | D:6      | Reached skill level 4 in Staves
  5383 | D:6      | Reached skill level 4 in Ranged Weapons
  5383 | D:6      | Reached skill level 4 in Throwing
  5383 | D:6      | Reached skill level 4 in Armour
  5383 | D:6      | Reached skill level 4 in Shields
  5383 | D:6      | Reached skill level 4 in Unarmed Combat
  5383 | D:6      | Reached skill level 4 in Evocations
  5456 | D:6      | Reached **** piety under Jiyva
  5639 | D:6      | Found a hazy altar of Hepliaklqana.
  5992 | D:6      | Found a blossoming altar of Fedhas.
  6181 | D:6      | Learned a level 4 spell: Fulminant Prism
  6186 | D:6      | Learned a level 4 spell: Iskenderun's Mystic Blast
  6200 | D:7      | Reached ***** piety under Jiyva
  6266 | D:7      | Reached skill level 6 in Stealth
  6266 | D:7      | Reached skill level 8 in Conjurations
  6388 | D:7      | Found a shimmering altar of Xom.
  6389 | D:7      | Quit the game

Illustrated notes

Levels and vault maps discovered:
D:1:      wander_arrival_peaceful_grave, layout_loops_corners
D:2:      layout_basic, minmay_statues_item
D:3:      layout_rooms, old_standard_altar, nicolae_vehumet_altar_sigil,
          ebering_ecumenical_altar_webs, serial_shops, shop,
          hangedman_feature_mirror
D:4:      layout_rooms, gup_sewer_entry_pipe, uniq_robin, uniq_grinder
D:5:      layout_basic, temple_statues, gammafunk_ghost_mausoleum,
          chequers_avenue
D:6:      layout_gridville, overflow_temple_1_default, general_overflow_altar,
          nicolae_overflow_crystal_walls
D:7:      layout_cave_pods, mainiacjoe_overflow_two_lobes,
          mainiacjoe_overflow_cross_hatched, overflow_temple_1_default,
          uniq_maggie, uniq_duvessa

Skill      XL: |  1  2  3  4  5  6  7  8  9 |
---------------+----------------------------+-----
Spellcasting   | 5 6 |  6.7
Invocations    | 1 2 3 4 |  4.8
Fighting       | 1 2 3 4 |  4.3
Short Blades   | 1 2 3 4 |  4.3
Long Blades    | 1 2 3 4 |  4.3
Axes           | 1 2 3 4 |  4.3
Maces & Flails | 1 2 3 4 |  4.3
Polearms       | 1 2 3 4 |  4.3
Staves         | 1 2 3 4 |  4.3
Ranged Weapons | 1 2 3 4 |  4.3
Throwing       | 1 2 3 4 |  4.3
Armour         | 1 2 3 4 |  4.3
Shields        | 1 2 3 4 |  4.3
Unarmed Combat | 1 2 3 4 |  4.3
Evocations     | 1 2 3 4 |  4.3
Hexes          | 1 2 3 |  3.6
Summonings     | 1 2 3 |  3.6
Necromancy     | 1 2 3 |  3.6
Translocations | 1 2 3 |  3.6
Transmutations | 1 2 3 |  3.6
Fire Magic     | 1 2 3 |  3.6
Ice Magic      | 1 2 3 |  3.6
Air Magic      | 1 2 3 |  3.6
Earth Magic    | 1 2 3 |  3.6
Poison Magic   | 1 2 3 |  3.6
Shapeshifting  | 1 2 3 |  3.6
Dodging        | 5 6 |  6.4
Stealth        | 5 6 |  6.1
Conjurations   | 8 |  8.0

Action                     |  1- 3 |  4- 6 |  7- 9 || total
---------------------------+-------+-------+-------++-------
  Melee: Whip              |       |    23 |    12 ||    35
         Pseudopods        |       |       |     2 ||     2
   Cast: Magic Dart        |    63 |   106 |   102 ||   271
         Searing Ray       |     2 |    12 |    24 ||    38
         Iskenderun's Myst |       |       |     6 ||     6
         Fulminant Prism   |       |       |     2 ||     2
 Armour: Robe              |       |     6 |     6 ||    12
  Dodge: Dodged            |     4 |    24 |    50 ||    78
  Block: Other             |     1 |     9 |    28 ||    38

Table legend: (Time is in decaauts)
 A = Elapsed time spent in this place.
 B = Non-inter-level travel time spent in this place.
 C = Inter-level travel time spent in this place.
 D = Time resting spent in this place.
 E = Time spent auto-exploring this place.
 F = Levels seen in this place.
 G = Mean time per level.
                   A        B        C        D        E       F      G
               +--------+--------+--------+--------+--------+-----+--------+
         Total |   6432 |   5825 |    607 |      0 |   4962 |   8 |  804.0 |
       Dungeon |   6219 |   5612 |    607 |      0 |   4799 |   7 |  888.4 |
         Sewer |    213 |    213 |      0 |      0 |    163 |   1 |  213.0 |
               +--------+--------+--------+--------+--------+-----+--------+

Top non-repeatable levels by time:
     D:1: 1412 daAuts
     D:5: 1222 daAuts
     D:6: 1058 daAuts
     D:2: 852 daAuts
     D:4: 809 daAuts
     D:3: 667 daAuts
   Sewer: 213 daAuts
     D:7: 197 daAuts

Levels and vault maps discovered:
D:1:      wander_arrival_peaceful_grave, layout_loops_corners
D:2:      layout_basic, minmay_statues_item
D:3:      layout_rooms, old_standard_altar, nicolae_vehumet_altar_sigil,
          ebering_ecumenical_altar_webs, serial_shops, shop,
          hangedman_feature_mirror
D:4:      layout_rooms, gup_sewer_entry_pipe, uniq_robin, uniq_grinder
D:5:      layout_basic, temple_statues, gammafunk_ghost_mausoleum,
          chequers_avenue
D:6:      layout_gridville, overflow_temple_1_default, general_overflow_altar,
          nicolae_overflow_crystal_walls
D:7:      layout_cave_pods, mainiacjoe_overflow_two_lobes,
          mainiacjoe_overflow_cross_hatched, overflow_temple_1_default,
          uniq_maggie, uniq_duvessa

Table legend: (Time is in decaauts)
 A = Elapsed time spent in this place.
 B = Non-inter-level travel time spent in this place.
 C = Inter-level travel time spent in this place.
 D = Time resting spent in this place.
 E = Time spent auto-exploring this place.
 F = Levels seen in this place.
 G = Mean time per level.
                   A        B        C        D        E       F      G
               +--------+--------+--------+--------+--------+-----+--------+
         Total |   6432 |   5825 |    607 |      0 |   4962 |   8 |  804.0 |
       Dungeon |   6219 |   5612 |    607 |      0 |   4799 |   7 |  888.4 |
         Sewer |    213 |    213 |      0 |      0 |    163 |   1 |  213.0 |
               +--------+--------+--------+--------+--------+-----+--------+

Top non-repeatable levels by time:
     D:1: 1412 daAuts
     D:5: 1222 daAuts
     D:6: 1058 daAuts
     D:2: 852 daAuts
     D:4: 809 daAuts
     D:3: 667 daAuts
   Sewer: 213 daAuts
     D:7: 197 daAuts

Table legend:
 A = Kills in this place as a percentage of kills in the entire game.
 B = Kills by you in this place as a percentage of kills by you in the entire game.
 C = Kills by friends in this place as a percentage of kills by friends in the entire game.
 D = Other kills in this place as a percentage of other kills in the entire game.
 E = Experience gained in this place as a percentage of experience gained in the entire game.
 F = Experience gained in this place divided by the number of levels of this place that you have seen.
                   A       B       C       D       E      F
               +-------+-------+-------+-------+-------+----------------------
         Total | 100.0 | 100.0 | 100.0 |   N/A | 100.0 | 429.9
       Dungeon |  94.7 |  94.6 | 100.0 |   N/A |  99.4 | 488.3
         Sewer |   5.3 |   5.4 |   0.0 |   N/A |   0.6 |  21.0
               +-------+-------+-------+-------+-------+----------------------
